 Dungeon Crawl Stone Soup version 0.26-a0-739-gf55cbd344a (webtiles) character file.

Game seed: 585925181816081247

469 robertstho the Firebug (level 7, 0/50 HPs)
             Began as a Gnoll Fire Elementalist on Nov 5, 2020.
             Was a Follower of Vehumet.
             Slain by a hobgoblin zombie (4 damage)
             ... in an ossuary.
             The game lasted 00:08:29 (3623 turns).

robertstho the Firebug (Gnoll Fire Elementalist)    Turns: 3623, Time: 00:08:30

Health: 0/50       AC:  5    Str: 11    XL:     7   Next: 9%
Magic:  9/15       EV: 15    Int: 19    God:    Vehumet [*.....]
Gold:   186        SH:  0    Dex: 15    Spells: 4/17 levels left

rFire    + . .     SeeInvis .   h - +3 whip (elec)
rCold    . . .     Faith    .   (no shield)
rNeg     . . .     Spirit   .   p - +1 robe "Roageisk" {-Tele rF+ Slay+6 Stlth+}
rPois    .         Reflect  .   (no helmet)
rElec    .         Harm     .   o - +0 cloak
rCorr    .         Rampage  .   (no gloves)
MR       .....     NoTele   +   j - +0 pair of boots
Stlth    ++++......             m - amulet of magic regeneration
HPRegen  0.16/turn              (no ring)
MPRegen  0.39/turn              (no ring)

@: marked, berserk cooldown, slowed, very slow
A: distributed training, fangs 1, strong nose
a: Renounce Religion


You were in an ossuary.
You worshipped Vehumet.
Vehumet was aware of your devotion.
You visited 1 branch of the dungeon, and saw 4 of its levels.
You also visited: Ossuary.

You collected 186 gold pieces.

Inventory:

Hand Weapons
 h - a +3 whip of electrocution (weapon)
Armour
 j - a +0 pair of boots (worn)
 l - a +2 robe of positive energy
 o - a +0 cloak (worn)
 p - the +1 robe "Roageisk" (worn) {-Tele rF+ Slay+6 Stlth+}
   (You found it on level 4 of the Dungeon)

   It affects your accuracy and damage with ranged weapons and melee attacks
   (+6).
   It protects you from fire.
   It prevents most forms of teleportation.
   It makes you more stealthy.
Jewellery
 m - an amulet of magic regeneration (around neck)
Scrolls
 b - 4 scrolls of remove curse
 c - a scroll of fog
 e - a scroll of blinking {unknown}
Potions
 a - a potion of might {unknown}
 d - 2 potions of mutation
 f - a potion of flight {unknown}
 g - 2 potions of haste {unknown}
 i - a potion of attraction {unknown}
 n - a potion of curing {unknown}


   Skills:
 + Level 2.2 Fighting
 + Level 2.2 Short Blades
 + Level 2.2 Long Blades
 + Level 2.2 Axes
 + Level 2.2 Maces & Flails
 + Level 2.2 Polearms
 + Level 2.2 Staves
 + Level 2.2 Slings
 + Level 2.2 Bows
 + Level 2.2 Crossbows
 + Level 2.2 Throwing
 + Level 2.2 Armour
 + Level 5.1 Dodging
 + Level 4.8 Stealth
 + Level 2.2 Shields
 + Level 2.2 Unarmed Combat
 + Level 5.5 Spellcasting
 + Level 2.8 Conjurations
 + Level 1.8 Hexes
 + Level 1.8 Summonings
 + Level 1.8 Necromancy
 + Level 1.8 Translocations
 + Level 1.8 Transmutations
 + Level 5.7 Fire Magic
 + Level 1.8 Ice Magic
 + Level 1.8 Air Magic
 + Level 1.8 Earth Magic
 + Level 1.8 Poison Magic
 + Level 2.5 Invocations
 + Level 2.2 Evocations


You had 4 spell levels left.
You knew the following spells:

 Your Spells              Type           Power        Failure   Level
a - Foxfire               Conj/Fire      ###.         1%          1
b - Conjure Flame         Conj/Fire      ###.....     6%          3
c - Sticky Flame          Conj/Fire      ###.....     21%         4
d - Fireball              Conj/Fire      ###.......   50%         5

Your spell library contained the following spells:

 Spells                   Type           Power        Failure   Level
 Sandblast                Erth           ##....       5%          1
 Inner Flame              Hex/Fire       ###.....     8%          3


Dungeon Overview and Level Annotations

Branches:
Dungeon (4/15)            Ossuary (1/1)
 Temple: D:4-7

Altars:
Ashenzari
Dithmenos
Elyvilon
Okawaru
Vehumet


Innate Abilities, Weirdness & Mutations

Your experience applies equally to all skills.
You have very sharp teeth.
Your uncanny sense of smell can sniff out nearby items.


Message History

The mummy drops a net on you. A large net falls onto you!
You become entangled in the net!
The hobgoblin zombie hits you.
You struggle against the net.
The mummy hits you. The hobgoblin zombie barely misses you.
You struggle against the net.
The mummy drops a net on you. A large net falls onto you! The mummy hits you.
The hobgoblin zombie hits you but does no damage.
You struggle against the net.
The hobgoblin zombie hits you. The mummy hits you.
You struggle against the net.
The hobgoblin zombie hits you. The mummy hits you.
You shred the net and break free!
The hobgoblin zombie hits you but does no damage.
The mummy hits you!
* * * LOW HITPOINT WARNING * * *
The hobgoblin zombie hits you but does no damage.
You hit the mummy but do no damage.
The mummy is heavily damaged.
The hobgoblin zombie hits you.
You die...

###########
∆##.#.#@#.#.#.#.########
.....^ZM.M^....^........
...^..^.................
.^..........^....^.∩.∩..
.^...............^......
.^...^...^..............
!##.#.#.#.#.#.#.########
###############


You could see 2 mummies and a hobgoblin zombie.

Vanquished Creatures
  A centaur zombie (Ossuary)
  2 hounds
  3 orc priests
  An orc wizard (D:3)
  Jessica (D:3)
  2 big kobold zombies (Ossuary)
  4 mummies (Ossuary)
  5 adders
  2 worms (D:2)
  4 dart slugs
  2 leopard geckos
  12 orcs
  6 bats
  2 giant cockroaches
  7 goblins
  4 hobgoblins
  4 jackals (D:3)
  7 kobolds
  2 quokkas (D:2)
  2 frilled lizards
  7 hobgoblin zombies (Ossuary)
  11 rats
91 creatures vanquished.

Vanquished Creatures (others)
  275 foxfires
275 creatures vanquished.

Grand Total: 366 creatures vanquished

Notes
Turn   | Place    | Note
-------+----------+-------------------------------------------
     0 | D:1      | robertstho the Gnoll Fire Elementalist began the quest for
                  | the Orb.
     0 | D:1      | Reached XP level 1. HP: 13/13 MP: 6/6
   164 | D:1      | Reached XP level 2. HP: 19/19 MP: 4/7
   685 | D:2      | Reached XP level 3. HP: 25/25 MP: 3/9
   739 | D:2      | Reached skill level 5 in Spellcasting
   886 | D:2      | Reached skill level 1 in Invocations
  1029 | D:2      | Found a white marble altar of Elyvilon.
  1052 | D:2      | Reached skill level 1 in Fighting
  1052 | D:2      | Reached skill level 1 in Short Blades
  1052 | D:2      | Reached skill level 1 in Long Blades
  1052 | D:2      | Reached skill level 1 in Axes
  1052 | D:2      | Reached skill level 1 in Maces & Flails
  1052 | D:2      | Reached skill level 1 in Polearms
  1052 | D:2      | Reached skill level 1 in Staves
  1052 | D:2      | Reached skill level 1 in Slings
  1052 | D:2      | Reached skill level 1 in Bows
  1052 | D:2      | Reached skill level 1 in Crossbows
  1052 | D:2      | Reached skill level 1 in Throwing
  1052 | D:2      | Reached skill level 1 in Armour
  1052 | D:2      | Reached skill level 1 in Shields
  1052 | D:2      | Reached skill level 1 in Unarmed Combat
  1052 | D:2      | Reached skill level 1 in Evocations
  1052 | D:2      | Reached XP level 4. HP: 31/32 MP: 2/11
  1592 | D:2      | Reached skill level 1 in Hexes
  1592 | D:2      | Reached skill level 1 in Summonings
  1592 | D:2      | Reached skill level 1 in Necromancy
  1592 | D:2      | Reached skill level 1 in Translocations
  1592 | D:2      | Reached skill level 1 in Transmutations
  1592 | D:2      | Reached skill level 1 in Ice Magic
  1592 | D:2      | Reached skill level 1 in Air Magic
  1592 | D:2      | Reached skill level 1 in Earth Magic
  1592 | D:2      | Reached skill level 1 in Poison Magic
  1994 | D:3      | Reached XP level 5. HP: 37/37 MP: 12/12
  2261 | D:3      | Found a shadowy altar of Dithmenos.
  2286 | D:3      | Found a radiant altar of Vehumet.
  2470 | D:3      | Noticed Jessica
  2483 | D:3      | Killed Jessica
  2856 | D:3      | Reached XP level 6. HP: 27/44 MP: 7/13
  3004 | D:3      | Found a broken altar of Ashenzari.
  3100 | D:3      | Became a worshipper of Vehumet
  3137 | D:4      | Found an iron altar of Okawaru.
  3254 | D:4      | Got an ichor-stained robe
  3264 | D:4      | Identified the +1 robe "Roageisk" {-Tele rF+ Slay+6 Stlth+}
                  | (You found it on level 4 of the Dungeon)
  3285 | D:4      | Reached skill level 5 in Dodging
  3293 | D:4      | Found a sand-covered staircase.
  3298 | Ossuary  | Entered an ossuary
  3498 | Ossuary  | Learned a level 3 spell: Conjure Flame
  3503 | Ossuary  | Learned a level 4 spell: Sticky Flame
  3509 | Ossuary  | Learned a level 5 spell: Fireball
  3597 | Ossuary  | Reached * piety under Vehumet
  3597 | Ossuary  | Offered knowledge of Sandblast by Vehumet.
  3615 | Ossuary  | Reached XP level 7. HP: 47/50 MP: 4/15
  3623 | Ossuary  | Slain by a hobgoblin zombie

Illustrated notes

Levels and vault maps discovered:
D:1:      minmay_arrival_loop, layout_rooms, dk_noncrumbling_4
D:2:      layout_loops_ring, elyvilon_altar_3
D:3:      layout_loops_ring, lemuel_crystal_altar,
          nicolae_dithmenos_through_a_glass_darkly, ashenzari_altar_1,
          uniq_jessica
D:4:      layout_basic, overflow_temple_1_default, lightli_temple_of_fire,
          yredelemnul_altar_generic, nicolae_overflow_hidden_temple,
          enter_ossuary_5, serial_shops, nicolae_shop_waterfront,
          brannock_xom_greatest_gift
Ossuary:  ossuary_the_hunt_dpeg

Skill      XL: |  1  2  3  4  5  6 |
---------------+-------------------+-----
Conjurations   | 2 |  2.8
Spellcasting   | 5 |  5.5
Invocations    | 1 2 |  2.5
Fighting       | 1 2 |  2.2
Short Blades   | 1 2 |  2.2
Long Blades    | 1 2 |  2.2
Axes           | 1 2 |  2.2
Maces & Flails | 1 2 |  2.2
Polearms       | 1 2 |  2.2
Staves         | 1 2 |  2.2
Slings         | 1 2 |  2.2
Bows           | 1 2 |  2.2
Crossbows      | 1 2 |  2.2
Throwing       | 1 2 |  2.2
Armour         | 1 2 |  2.2
Shields        | 1 2 |  2.2
Unarmed Combat | 1 2 |  2.2
Evocations     | 1 2 |  2.2
Hexes          | 1 |  1.8
Summonings     | 1 |  1.8
Necromancy     | 1 |  1.8
Translocations | 1 |  1.8
Transmutations | 1 |  1.8
Ice Magic      | 1 |  1.8
Air Magic      | 1 |  1.8
Earth Magic    | 1 |  1.8
Poison Magic   | 1 |  1.8
Dodging        | 5 |  5.1
Stealth        | |  4.8
Fire Magic     | |  5.7

Action                   |  1- 3 |  4- 6 |  7- 9 || total
-------------------------+-------+-------+-------++-------
Melee: Whip              |     2 |    63 |     3 ||    68
       Bite              |     1 |     5 |       ||     6
 Cast: Foxfire           |    43 |   133 |       ||   176
  Use: Scroll            |       |     7 |       ||     7
       Potion            |       |     2 |       ||     2
 Stab: Sleeping          |     1 |     1 |       ||     2
       Distracted        |       |     1 |       ||     1
Armor: Robe              |     2 |    25 |     4 ||    31
Dodge: Dodged            |    10 |    95 |     3 ||   108

Table legend: (Time is in decaauts)
 A = Elapsed time spent in this place.
 B = Non-inter-level travel time spent in this place.
 C = Inter-level travel time spent in this place.
 D = Time resting spent in this place.
 E = Time spent auto-exploring this place.
 F = Levels seen in this place.
 G = Mean time per level.
                   A        B        C        D        E       F      G
               +--------+--------+--------+--------+--------+-----+--------+
         Total |   3642 |   3455 |    187 |    190 |   2605 |   5 |  728.4 |
       Dungeon |   3305 |   3118 |    187 |      0 |   2563 |   4 |  826.2 |
       Ossuary |    336 |    336 |      0 |    190 |     42 |   1 |  336.0 |
               +--------+--------+--------+--------+--------+-----+--------+

Top non-repeatable levels by time:
     D:3: 1361 daAuts
     D:2: 1081 daAuts
     D:1: 675 daAuts
 Ossuary: 336 daAuts
     D:4: 186 daAuts
